 Dungeon Crawl Stone Soup version 0.22-a0-782-g038298e (webtiles) character file.

1278 inmateoo the Martial Artist (level 8, -2/54 HPs)
             Began as a Vampire Warper on July 19, 2018.
             Was a Follower of Hepliaklqana.
             Slain by a wraith (8 damage)
             ... on level 6 of the Dungeon.
             The game lasted 00:07:44 (5097 turns).

inmateoo the Martial Artist (Vampire Warper)        Turns: 5097, Time: 00:07:45

Health: -2/54      AC: 10    Str: 11    XL:     8   Next: 29%
Magic:  11/11      EV:  2    Int: 16    God:    Hepliaklqana [*.....]
Gold:   206        SH:  0    Dex: 14    Spells: 11/11 levels left

rFire    . . .     SeeInvis +     - Unarmed
rCold    . . .     Gourm    .   (no shield)
rNeg     . . .     Faith    .   t - +0 plate armour (curse)
rPois    .         Spirit   .   (no helmet)
rElec    .         Reflect  .   (no cloak)
rCorr    .         Harm     .   (no gloves)
MR       .....                  (no boots)
Stlth    ..........             (no amulet)
HPRegen  0.38/turn              (no ring)
MPRegen  0.12/turn              (no ring)

@: regenerating quickly, slowed, very slow
A: reduced essence, fangs 3, see invisible, unbreathing
a: Recall Ancestor, Ancestor Identity, Renounce Religion


You were on level 6 of the Dungeon.
You worshipped Hepliaklqana.
Hepliaklqana was aware of your devotion.
You were very full.

You visited 1 branch of the dungeon, and saw 6 of its levels.

You collected 250 gold pieces.
You spent 44 gold pieces at shops.

Inventory:

Hand Weapons
 a - a +3 vampiric dagger
Missiles
 d - 5 tomahawks of dispersal (quivered)
 j - an exploding tomahawk
Armour
 e - the +0 leather armour "Nycoxet" {rN++}
   (You found it on level 4 of the Dungeon)

   It greatly protects you from negative energy.
 h - a +0 large shield
 t - a cursed +0 plate armour (worn)
Jewellery
 i - an uncursed ring of ice
Wands
 r - a wand of random effects (27)
Scrolls
 c - 3 scrolls of blinking
 f - 6 scrolls of remove curse
 p - a scroll of enchant armour
 s - a scroll of immolation
 x - a scroll of teleportation
Potions
 b - 4 potions of curing
 g - a potion of cancellation
 k - a potion of degeneration {unknown}
 l - 2 potions of haste {unknown}
 m - a potion of mutation {unknown}
 n - a potion of ambrosia {unknown}
 o - a potion of might
 q - 3 potions of heal wounds {unknown}
 u - a potion of magic {unknown}
 v - a potion of agility


   Skills:
 + Level 4.1 Fighting
 - Level 0.7 Throwing
 + Level 1.0 Armour
 + Level 2.3 Dodging
 * Level 10.1 Unarmed Combat
 - Level 2.0 Spellcasting
   Level 2.4 Translocations


You had 11 spell levels left.
You didn't know any spells.
Your spell library contained the following spells:

 Spells                   Type           Power        Failure   Level  Hunger
 Teleport Other           Tloc           #.......     100%        3    ###....
 Blink                    Tloc           N/A          100%        2    ###....
 Passage of Golubria      Tloc           N/A          100%        4    #####..
 Shroud of Golubria       Chrm/Tloc      #.........   100%        2    ###....
 Gell's Gravitas          Tloc           #.........   100%        3    ###....
 Lesser Beckoning         Tloc           #.........   100%        3    ###....


Dungeon Overview and Level Annotations

Branches:
Dungeon (6/15)
 Temple: D:4-7

Altars:
Elyvilon
Fedhas
Hepliaklqana
Ru
Sif Muna
Xom

Shops:
D:5 *   D:6 (


Innate Abilities, Weirdness & Mutations

Your natural rate of healing is unusually fast.
You have razor-sharp teeth.
You have supernaturally acute eyesight. (SInv)
You can survive without breathing.
Your life essence is reduced to manifest your ancestor. (-10% HP)


Message History

* * * LOW HITPOINT WARNING * * *
The wraith drains your vigour!
You feel as though you will be slow longer.
The wraith hits you!
* * * LOW HITPOINT WARNING * * *
The wraith drains your vigour!
You feel as though you will be slow longer.
You feel better. The wraith hits you but does no damage.
Unknown command.
Evoke which item? (* to show all) (? for menu, Esc to quit)
Aiming: Random Effects
Press: ? - help, Shift-Dir - straight line, f/p - wraith
Aim: a wraith (almost destroyed)
The wraith resists with almost no effort.
The wraith hits you.
* * * LOW HITPOINT WARNING * * *
The wraith drains your vigour!
You feel as though you will be slow longer.
The wraith hits you!
You die...

#..#.# #..#.# #..#.# ##.#.#
#.#.# #.#.####### #..)....)..
######.#.################.##.
................@W...†.......
######.#.################.###
#.#.# #.#.# ######.#.#
.........# ##########


You could see a wraith.

Vanquished Creatures
  An ice beast (D:5)
  An ogre (D:6)
  A centaur (D:5)
  A bullfrog (D:6)
  4 crimson imps
  A bullfrog zombie (D:5)
  2 hounds
  A gnoll shaman (D:3)
  A bullfrog skeleton (D:5)
  An orc priest (D:4)
  4 orc wizards
  An iguana (D:6)
  A worker ant (D:6)
  A killer bee zombie (D:5)
  A worker ant zombie (D:5)
  A howler monkey skeleton (D:6)
  4 gnolls
  4 adders
  An ooze (D:4)
  An adder skeleton (D:4)
  2 worms (D:2)
  3 leopard geckos
  20 orcs
  A ball python (D:2)
  2 giant cockroaches
  15 goblins
  12 hobgoblins
  4 jackals (D:3)
  3 kobolds
  3 quokkas
  5 bats
  3 frilled lizards
  10 rats
116 creatures vanquished.

Vanquished Creatures (collateral kills)
  Sigmund (D:5)
  An orc priest (D:5)
  An orc wizard (D:5)
  A hound skeleton (D:4)
  2 leopard geckos
  An orc (D:5)
7 creatures vanquished.

Vanquished Creatures (others)
  4 ancestors
4 creatures vanquished.

Grand Total: 127 creatures vanquished

Notes
Turn   | Place    | Note
-------+----------+-------------------------------------------
     0 | D:1      | inmateoo the Vampire Warper began the quest for the Orb.
     0 | D:1      | Reached XP level 1. HP: 16/16 MP: 3/3
   451 | D:1      | Reached XP level 2. HP: 20/22 MP: 5/5
   684 | D:1      | Reached skill level 3 in Unarmed Combat
  1211 | D:2      | Reached XP level 3. HP: 13/27 MP: 6/6
  1497 | D:2      | Reached skill level 4 in Unarmed Combat
  1553 | D:2      | Reached XP level 4. HP: 29/34 MP: 7/7
  1841 | D:3      | Found a sacrificial altar of Ru.
  2135 | D:3      | Reached XP level 5. HP: 40/41 MP: 8/8
  2165 | D:3      | Reached skill level 5 in Unarmed Combat
  2382 | D:3      | Found a shimmering altar of Xom.
  2383 | D:3      | Found a shimmering altar of Xom.
  2384 | D:3      | Found a shimmering altar of Xom.
  2384 | D:3      | Found a shimmering altar of Xom.
  2384 | D:3      | Found a shimmering altar of Xom.
  2393 | D:3      | Found a shimmering altar of Xom.
  2778 | D:4      | Got a scorched leather armour
  2790 | D:4      | Identified the +0 leather armour "Nycoxet" {rN++} (You found it on level 4 of the Dungeon)
  3039 | D:3      | Reached XP level 6. HP: 16/47 MP: 9/9
  3155 | D:4      | Reached skill level 6 in Unarmed Combat
  3336 | D:4      | Found a blossoming altar of Fedhas.
  3336 | D:4      | Found a hazy altar of Hepliaklqana.
  3341 | D:4      | Became a worshipper of Hepliaklqana the Forgotten
  3392 | D:4      | Found a deep blue altar of Sif Muna.
  3467 | D:4      | Found a white marble altar of Elyvilon.
  3502 | D:5      | Entered Level 5 of the Dungeon
  3506 | D:5      | Noticed an ice beast
  3539 | D:5      | Killed an ice beast
  3642 | D:5      | Reached skill level 7 in Unarmed Combat
  3642 | D:5      | Reached XP level 7. HP: 32/48 MP: 10/10
  3769 | D:5      | Noticed Sigmund
  3810 | D:5      | Killed Sigmund
  3810 | D:5      | Reached skill level 8 in Unarmed Combat
  4291 | D:5      | Reached skill level 9 in Unarmed Combat
  4440 | D:5      | Reached XP level 8. HP: 52/54 MP: 11/11
  4545 | D:5      | Found Aemonluth's Alliterative Accessories.
  4551 | D:5      | Bought a potion of agility for 44 gold pieces
  4672 | D:6      | Reached * piety under Hepliaklqana
  4728 | D:6      | Found Qunwypp's Antique Weapon Shoppe.
  4857 | D:6      | Reached skill level 10 in Unarmed Combat
  5072 | D:6      | Reached skill level 1 in Armour
  5095 | D:6      | HP: 2/54 [wraith (7)]
  5097 | D:6      | Slain by a wraith

Vault maps used:
D:1:      sevenhm_arrival_forest_fort_large_1
D:2:      cheibrodos_greedy_goblins
D:3:      nicolae_ru_great_annihilating_truth, first_ration, xom_redecorated
D:4:      kennysheep_mini, kennysheep_little_box,
          gammafunk_temple_overflow_statue
D:5:      st_stairs_14, kennysheep_another_room, nicolae_alphabet_shops,
          uniq_sigmund
D:6:      marbit_many_paths, minitemple, serial_shops, nicolae_shop_statue_plus,
          basic_altar, minmay_ruffians

Skill      XL: |  1  2  3  4  5  6  7  8 |
---------------+-------------------------+-----
Fighting       | 2 3 4 |  4.1
Unarmed Combat | 3 4 5 7 9 10 | 10.1
Armour         | 1 |  1.0
Throwing       | |  0.7
Dodging        | |  2.3
Spellcasting   | |  2.0
Translocations | |  2.4

Action                   |  1- 3 |  4- 6 |  7- 9 || total
-------------------------+-------+-------+-------++-------
Melee: Unarmed           |   169 |   200 |   196 ||   565
       Bite              |    14 |    22 |    17 ||    53
       Punch             |     1 |     8 |     3 ||    12
       Dagger            |    12 |     7 |       ||    19
       Spear             |       |   112 |       ||   112
Evoke: Wand              |       |       |     8 ||     8
  Use: Scroll            |       |     7 |     1 ||     8
       Potion            |       |       |     1 ||     1
 Stab: Sleeping          |     2 |       |       ||     2
       Paralysed         |       |     6 |       ||     6
       Distracted        |       |     1 |       ||     1
       Confused          |       |       |     1 ||     1
  Eat: Corpse            |    13 |    10 |     7 ||    30
Armor: Leather armour    |    28 |       |       ||    28
       Scale mail        |    16 |    85 |       ||   101
       Plate armour      |       |    72 |   106 ||   178
Dodge: Dodged            |    85 |    98 |    19 ||   202

Table legend:
 A = Spawn XP
 B = Non-spawn XP
 C = Spawn XP percentage of total XP
 D = Spawn monster count
 E = Non-spawn monster count
 F = Spawn count percentage of total count
 G = Total turns spent on level
                    A         B        C        D         E        F      G
               +---------+---------+-------+---------+---------+-------+---------
         Total |       0 |    1827 |   0.0 |       0 |     123 |   0.0 |  5097
               +---------+---------+-------+---------+---------+-------+---------
           D:1 |       0 |      22 |   0.0 |       0 |      17 |   0.0 |   961
           D:2 |       0 |      87 |   0.0 |       0 |      31 |   0.0 |   929
           D:3 |       0 |     246 |   0.0 |       0 |      35 |   0.0 |   944
           D:4 |       0 |     195 |   0.0 |       0 |      12 |   0.0 |   668
           D:5 |       0 |     878 |   0.0 |       0 |      18 |   0.0 |   989
           D:6 |       0 |     399 |   0.0 |       0 |      10 |   0.0 |   606
               +---------+---------+-------+---------+---------+-------+---------
